 Dungeon Crawl Stone Soup version 0.24-a0-203-gf0bc1e9 (webtiles) character file.

Game seed: 15537766942684836918

224 Hasart the Firebug (level 5, 0/28 HPs)
             Began as a Deep Elf Fire Elementalist on Mar 26, 2019.
             Slain by an orc wizard
             ... wielding a +0 dagger
              (5 damage)
             ... on level 3 of the Dungeon on Mar 27, 2019.
             The game lasted 00:09:38 (2861 turns).

Hasart the Firebug (Deep Elf Fire Elementalist)     Turns: 2861, Time: 00:09:39

Health: 0/28       AC:  6    Str:  5    XL:     5   Next: 67%
Magic:  5/13       EV: 13    Int: 21    God:
Gold:   165        SH:  0    Dex: 15    Spells: 7/12 levels left

rFire    . . .     SeeInvis .   r - +0 falchion
rCold    . . .     Gourm    .   (no shield)
rNeg     . . .     Faith    .   a - +0 robe
rPois    .         Spirit   .   d - +1 helmet
rElec    .         Reflect  .   (no cloak)
rCorr    .         Harm     .   (no gloves)
MR       .....                  (no boots)
Stlth    +.........             (no amulet)
HPRegen  0.09/turn              e - ring of attention (curse)
MPRegen  0.13/turn              b - +2 ring of protection

@: drained
A: no striking features
a: no special abilities


You were on level 3 of the Dungeon.
You were not hungry.

You visited 1 branch of the dungeon, and saw 3 of its levels.

You collected 165 gold pieces.

Inventory:

Hand Weapons
 r - a +0 falchion (weapon)
Armour
 a - a +0 robe (worn)
 d - a +1 helmet (worn)
Jewellery
 b - a +2 ring of protection (right hand)
 e - a cursed ring of attention (left hand)
Scrolls
 f - 3 scrolls of enchant armour {unknown}
 i - 3 scrolls of fear {unknown}
 j - 2 scrolls of identify {unknown}
 n - a scroll of remove curse {unknown}
 o - a scroll of blinking {unknown}
 q - a scroll of fog {unknown}
 s - a scroll of teleportation {unknown}
Potions
 g - a potion of haste {unknown}
 k - a potion of cancellation {unknown}
 l - 2 potions of agility {unknown}
 m - a potion of brilliance {unknown}
 p - a potion of lignification {unknown}
Comestibles
 c - 7 rations
 h - 2 chunks of flesh


   Skills:
 + Level 3.7(2.8) Dodging
 - Level 2.4(1.5) Stealth
 + Level 4.0(3.1) Spellcasting
 * Level 3.8(2.9) Conjurations
 * Level 4.8(3.9) Fire Magic


You had 7 spell levels left.
You knew the following spells:

 Your Spells              Type           Power        Failure   Level  Hunger
a - Flame Tongue          Conj/Fire      ###..        3%          1    None
b - Sticky Flame          Conj/Fire      ###.....     30%         4    ####...

Your spell library contained the following spells:

 Spells                   Type           Power        Failure   Level  Hunger
 Throw Flame              Conj/Fire      ###...       4%          2    ##.....
 Conjure Flame            Conj/Fire      ###.....     10%         3    ###....
 Inner Flame              Hex/Fire       ##......     17%         3    ###....
 Fireball                 Conj/Fire      ###.......   65%         5    ######.


Dungeon Overview and Level Annotations

Branches:
Dungeon (3/15)

Altars:


Message History

The orc wizard gestures wildly while chanting.
The orc wizard blinks!
The orc wizard gestures at you while chanting.
The magic dart hits you!
* * * LOW HITPOINT WARNING * * *
The orc wizard gestures wildly while chanting.
The orc wizard seems to speed up.
You see here a ration.
The orc wizard barely misses you.
Casting: Flame Tongue (safe; 3% risk of failure)
Confirm with . or Enter, or press ? or * to list all spells.
Aiming: Sticky Flame (quite dangerous; 30% risk of failure)
Press: ? - help, Shift-Dir - straight line, f - orc wizard
Aim: an orc wizard, wielding a +0 dagger and wearing a +0 robe (fast)
The sticky flame hits the orc wizard.
The orc wizard is heavily wounded.
The orc wizard is covered in liquid flames!
The orc wizard burns!
The orc wizard hits you with a +0 dagger.
You die...

# # .#. w# ## #.#
..# #.##.. #..
#.#(## #o. ##
#...### #o# #.#
##.o..##.#
#.###..#.#.o#
#@#.#.##§?##
##o##......#
#.#####.#.# ##
#####.# ###.#.#
#.. .....#
#.....# #.#
#..###.....## #.#
#.....÷..o..# #.#
#####..###......#
#.# #......#
#......#


You could see an orc wizard (burning).

Vanquished Creatures
  3 orc wizards
  4 adders
  3 oozes (D:1)
  2 worms (D:2)
  A dart slug (D:1)
  6 leopard geckos
  3 orcs (D:3)
  A ball python (D:3)
  A giant cockroach (D:1)
  10 goblins
  10 hobgoblins
  7 jackals
  8 kobolds
  2 quokkas (D:2)
  6 bats
  2 frilled lizards
  6 rats
75 creatures vanquished.

Notes
Turn   | Place    | Note
-------+----------+-------------------------------------------
     0 | D:1      | Hasart the Deep Elf Fire Elementalist began the quest for
                  | the Orb.
     0 | D:1      | Reached XP level 1. HP: 10/10 MP: 6/6
   126 | D:1      | Reached XP level 2. HP: 15/15 MP: 1/8
   325 | D:1      | Upgraded the game from 0.24-a0-201-gf205589 to
                  | 0.24-a0-203-gf0bc1e9
   375 | D:1      | Reached XP level 3. HP: 19/19 MP: 3/9
  1278 | D:2      | Reached XP level 4. HP: 22/24 MP: 5/11
  1319 | D:2      | Learned a level 4 spell: Sticky Flame
  2397 | D:2      | Reached XP level 5. HP: 19/28 MP: 2/12
  2861 | D:3      | Slain by an orc wizard

Levels and vault maps discovered:
D:1:      dpeg_arrival_prison, layout_basic
D:2:      layout_basic, amethyst_killhole, due_unseen_surprise
D:3:      minmay_wonky_spiral, layout_loops_ring

Skill      XL: |  1  2  3  4  5 |
---------------+----------------+-----
Conjurations   | 2 3 |  3.8
Fire Magic     | 4 |  4.8
Dodging        | 3 |  3.7
Spellcasting   | 4 |  4.0
Stealth        | |  2.4

Action                   |  1- 3 |  4- 6 || total
-------------------------+-------+-------++-------
Melee: Club              |     5 |       ||     5
       Unarmed           |     1 |       ||     1
       Dagger            |    23 |    16 ||    39
 Cast: Flame Tongue      |    69 |    86 ||   155
       Sticky Flame      |       |     1 ||     1
  Eat: Chunk             |     1 |     5 ||     6
Armor: Robe              |     8 |    19 ||    27
Dodge: Dodged            |    38 |    35 ||    73
       Rpst.: Falchion   |       |     2 ||     2

Table legend:
 A = Non-vault XP
 B = Vault XP
 C = Vault XP percentage of total XP
 D = Non-vault monster count
 E = Vault monster count
 F = Vault count percentage of total count
                 A         B        C        D         E       F
            +---------+---------+-------+---------+---------+-------
      Total |     319 |       2 |   0.6 |      74 |       1 |   1.3
            +---------+---------+-------+---------+---------+-------
        D:1 |      80 |       2 |   2.4 |      34 |       1 |   2.9
        D:2 |     119 |       0 |   0.0 |      23 |       0 |   0.0
        D:3 |     120 |       0 |   0.0 |      17 |       0 |   0.0
            +---------+---------+-------+---------+---------+-------
